 Dungeon Crawl Stone Soup version 0.31-a0-844-gdc52ec4e09 (webtiles) character file.

Game seed: 3641678573060680531

38 Farty the Sneak (level 3, 0/16 HPs)
             Began as a Vine Stalker Enchanter on Sept 29, 2023.
             Slain by a worm (7 damage)
             ... on level 2 of the Dungeon.
             The game lasted 00:03:05 (727 turns).

Farty the Sneak (Vine Stalker Enchanter)             Turns: 727, Time: 00:03:05

Health: 0/16       AC:  3    Str: 10    XL:     3   Next: 43%
Magic:  0/7        EV: 12    Int: 15    God:
Gold:   28         SH:  0    Dex: 16    Spells: 4/6 levels left

rFire   . . .        a - +1 dagger
rCold   . . .        (no shield)
rNeg    . . .        b - +0 robe
rPois   .            (no helmet)
rElec   .            (no cloak)
rCorr   .            (no gloves)
SInv    .            f - +0 pair of boots
Will    .....        (no amulet)
Stlth   +++          (no ring)
HPRegen 1.02/turn    (no ring)
MPRegen 0.10/turn

%: guardian spirit
@: very slightly contaminated
A: fangs 2, regeneration 1, magic shield, antimagic bite, no potion heal 2
a: no special abilities


You were on level 2 of the Dungeon.
You visited 1 branch of the dungeon, and saw 2 of its levels.

You collected 28 gold pieces.

Inventory:

Hand Weapons
 a - a +1 dagger (weapon)
Armour
 b - a +0 robe (worn)
 f - a +0 pair of boots (worn)
Potions
 c - 2 potions of invisibility
 d - a potion of enlightenment {unknown}


   Skills:
 + Level 0.3 Fighting
 + Level 1.5 Short Blades
 * Level 0.2 Armour
 + Level 1.5 Dodging
 + Level 4.0 Stealth
 + Level 2.4 Spellcasting
 + Level 3.3 Hexes
 * Level 0.3 Invocations
 * Level 0.3 Evocations


You had 4 spell levels left.
You knew the following spells:

 Your Spells              Type           Power      Damage    Failure   Level
a - Ensorcelled Hibernat  Hex/Ice        12%        N/A       16%         2

Your spell library contained the following spells:

 Spells                   Type           Power      Damage    Failure   Level
 Confusing Touch          Hex            11%        N/A       16%         3
 Tukima's Dance           Hex            11%        N/A       16%         3
 Dazzling Flash           Conj/Hex       12%        N/A       32%         3


Dungeon Overview and Level Annotations

Branches:
Dungeon (2/15)

Altars:

Shops:
D:1 !


Innate Abilities, Weirdness & Mutations

You have extremely sharp teeth.
Your natural rate of healing is unusually fast.
When hurt, damage is shared between your health and your magic reserves.
Your bite disrupts and absorbs the magic of your enemies.
Potions cannot restore your health.


Message History

The bat attacks as it pursues you! The bat barely misses you.
The bat misses you. The bat completely misses you.
You see here a rat corpse.
The bat hits you but does no damage.
You barely miss the bat. Your bite misses the bat.
The bat is moderately wounded.
The bat misses you. The bat barely misses you.
Found 2 scrolls labelled RYGAENE SETZ.
The bat misses you. x2
You barely miss the bat. The bat misses you.
The bat hits you but does no damage. The bat closely misses you.
The bat hits you but does no damage.
You hit the bat.
You kill the bat!
You hit the worm.
The worm is lightly wounded.
The worm bites you!
You hit the worm. You bite the worm, but do no damage.
The worm is lightly wounded.
You barely miss the worm.
The worm is lightly wounded.
The worm bites you!
Ouch! That really hurt!
You are too injured to fight recklessly!
You are too injured to fight recklessly!
Casting: Ensorcelled Hibernation (safe; 16% risk of failure)
Confirm with . or Enter, or press ? or * to list all spells.
Aiming: Ensorcelled Hibernation (safe; 16% risk of failure)
Press: ? - help, Shift-Dir - straight line, f - worm
Aim: a worm (chance to affect: 49%)
You miscast Ensorcelled Hibernation.
You are very lightly contaminated with residual magic.
Nothing appears to happen.
Casting: Ensorcelled Hibernation (safe; 16% risk of failure)
Confirm with . or Enter, or press ? or * to list all spells.
You don't have enough magic to cast this spell.
The worm attacks as it pursues you! The worm bites you!
You die...

#.......#
#.......#
#.......#
#########.......#
#...............#
#............####
#..#........##
#.....w..##†#
#.....:@..#.#
..........#..#
...?.......#.#
##.#......##†# #
##....###.#
..........#
######.##### #.#
#.


You could see a worm.

Vanquished Creatures
  A ball python (D:1)
  3 endoplasms (D:1)
  A giant cockroach (D:1)
  A hobgoblin (D:1)
  14 jackals
  A kobold (D:1)
  5 bats
  A frilled lizard (D:1)
  5 rats
32 creatures vanquished.

Notes
Turn   | Place    | Note
-------+----------+-------------------------------------------
     0 | D:1      | Farty the Vine Stalker Enchanter began the quest for the
                  | Orb.
     0 | D:1      | Reached XP level 1. HP: 9/9 MP: 4/4
    97 | D:1      | Reached skill level 1 in Short Blades
    97 | D:1      | Reached XP level 2. HP: 13/13 MP: 6/6
   379 | D:1      | Found Hauzaur's Distillery.
   383 | D:1      | Learned a level 2 spell: Ensorcelled Hibernation
   403 | D:1      | Reached XP level 3. HP: 16/16 MP: 7/7
   683 | D:2      | Reached skill level 4 in Stealth
   727 | D:2      | Slain by a worm

Illustrated notes

Levels and vault maps discovered:
D:1:      mushboom_english_gardens, layout_loops_ring, serial_shops, shop
D:2:      layout_loops_ring, basic_altar

Skill      XL: |  1  2  3 |
---------------+----------+-----
Short Blades   | 1 |  1.5
Stealth        | 4 |  4.0
Fighting       | |  0.3
Armour         | |  0.2
Dodging        | |  1.5
Spellcasting   | |  2.4
Hexes          | |  3.3
Invocations    | |  0.3
Evocations     | |  0.3

Action                     || total
---------------------------++-------
  Melee: Dagger            ||   106
         Bite              ||    28
         Punch             ||     1
    Use: Scroll            ||     1
   Stab: Sleeping          ||     6
 Armour: Robe              ||    96
  Dodge: Dodged            ||   105

Table legend: (Time is in decaauts)
 A = Elapsed time spent in this place.
 B = Non-inter-level travel time spent in this place.
 C = Inter-level travel time spent in this place.
 D = Time resting spent in this place.
 E = Time spent auto-exploring this place.
 F = Levels seen in this place.
 G = Mean time per level.
                   A        B        C        D        E       F      G
               +--------+--------+--------+--------+--------+-----+--------+
         Total |    720 |    690 |     30 |      0 |    464 |   2 |  360.0 |
       Dungeon |    720 |    690 |     30 |      0 |    464 |   2 |  360.0 |
               +--------+--------+--------+--------+--------+-----+--------+

Top non-repeatable levels by time:
     D:1: 653 daAuts
     D:2: 66 daAuts
